 Dungeon Crawl Stone Soup version 0.19.3 (webtiles) character file.

67 Azzok the Firebug (level 4, -3/24 HPs)
             Began as a Deep Elf Fire Elementalist on Jan 23, 2017.
             Killed from afar by an orc wizard (7 damage)
             ... with a magic dart
             ... on level 3 of the Dungeon.
             The game lasted 00:04:11 (1438 turns).

Azzok the Firebug (Deep Elf Fire Elementalist)      Turns: 1438, Time: 00:04:11

Health: -3/24      AC:  3    Str:  5    XL:     4   Next: 0%
Magic:  0/11       EV: 13    Int: 21    God:
Gold:   89         SH:  0    Dex: 15    Spells: 2 memorised, 5 levels left

rFire  . . .     SeeInvis .     (no weapon)
rCold  . . .     Gourm    .     a - +0 robe
rNeg   . . .     Faith    .     (no shield)
rPois  .         Spirit   .     (no helmet)
rElec  .         Reflect  .     (no cloak)
rCorr  .         Harm     .     (no gloves)
MR     .....                    f - +0 pair of boots
Stlth  ++........               (no amulet)
                                (no ring)
                                (no ring)

@: no status effects
A: no striking features
a: no special abilities


You were on level 3 of the Dungeon.
You were not hungry.

You visited 1 branch of the dungeon, and saw 3 of its levels.

You collected 89 gold pieces.

Inventory:

Armour
 a - a +0 robe (worn)
 f - a +0 pair of boots (worn)
 m - a +0 pair of gloves
Scrolls
 e - 4 scrolls of identify {unknown}
 g - a scroll of remove curse {unknown}
 n - a scroll of fog {unknown}
Potions
 h - 4 potions of curing {unknown}
 j - a potion of might {unknown}
 k - a potion of flight {unknown}
 l - a potion of haste {unknown}
Books
 b - a book of Flames

   Spells                             Type                      Level
   a - Flame Tongue                   Conjuration/Fire             1
   b - Throw Flame                    Conjuration/Fire             2
   c - Conjure Flame                  Conjuration/Fire             3
   d - Inner Flame                    Hexes/Fire                   3
   e - Sticky Flame                   Conjuration/Fire             4
   f - Fireball                       Conjuration/Fire             5
Comestibles
 c - 2 bread rations
 d - 5 chunks of flesh
 i - a meat ration


   Skills:
 - Level 2.4 Dodging
 - Level 2.4 Stealth
 + Level 3.4 Spellcasting
 + Level 2.2 Conjurations
 * Level 4.7 Fire Magic


You had 5 spell levels left.
You knew the following spells:

 Your Spells              Type           Power        Failure   Level  Hunger
a - Flame Tongue          Conj/Fire      ###..        3%          1    None
b - Conjure Flame         Conj/Fire      ###.....     12%         3    ###....


Dungeon Overview and Level Annotations

Branches:
Dungeon (3/15)

Altars:


Message History

The flame tongue hits the orc wizard.
The orc wizard appears unharmed.
The orc wizard is almost dead.
* * * LOW MAGIC WARNING * * *
The orc wizard hits you with a dagger. The orc wizard casts a spell at you.
The puff of flame hits you!
Casting: Flame Tongue
Confirm with . or Enter, or press ? or * to list all spells.
Aiming: Flame Tongue
Press: ? - help, Shift-Dir - straight line, f/p - orc wizard
Aim: an orc wizard, wielding a dagger and wearing a robe (almost dead, fast)
The flame tongue hits the orc wizard.
The orc wizard appears unharmed.
The orc wizard is almost dead.
* * * LOW MAGIC WARNING * * *
The orc wizard gestures at you while chanting.
The puff of flame hits you!
* * * LOW HITPOINT WARNING * * *
The orc wizard casts a spell at you. The magic dart hits you!
You die...

▒ ▒▒· ··
·· ·▒▒▒
·o▒ ▒†▒
▒▒▒▒▒▒▒·▒
▒<···@oo▒
▒▒▒▒▒▒▒▒▒


You could see 2 orc wizards.

Vanquished Creatures
  Jessica (D:2)
  A worm (D:2)
  A leopard gecko (D:1)
  2 bats (D:1)
  3 giant cockroaches
  4 goblins (D:1)
  8 hobgoblins
  8 kobolds
  2 frilled lizards
  7 rats (D:1)
37 creatures vanquished.

Notes
Turn   | Place    | Note
-------+----------+-------------------------------------------
     0 | D:1      | Azzok the Deep Elf Fire Elementalist began the quest for the Orb.
     0 | D:1      | Reached XP level 1. HP: 10/10 MP: 6/6
   291 | D:1      | Reached XP level 2. HP: 15/15 MP: 6/8
   638 | D:1      | Reached skill level 4 in Fire Magic
   896 | D:1      | Reached XP level 3. HP: 18/19 MP: 5/9
  1130 | D:2      | Noticed Jessica
  1136 | D:2      | Killed Jessica
  1328 | D:2      | Learned a level 3 spell: Conjure Flame
  1428 | D:3      | Reached XP level 4. HP: 24/24 MP: 7/11
  1438 | D:3      | Killed from afar by an orc wizard

Skill      XL: |  1  2 |
---------------+-------+-----
Conjurations   | 2 |  2.2
Fire Magic     | 4 |  4.7
Dodging        | |  2.4
Stealth        | |  2.4
Spellcasting   | |  3.4

Action                   |  1- 3 |  4- 6 || total
-------------------------+-------+-------++-------
 Cast: Flame Tongue      |    61 |     9 ||    70
  Eat: Chunk             |     1 |       ||     1
Armor: Robe              |     6 |     1 ||     7
Dodge: Dodged            |    14 |     3 ||    17
